 Dungeon Crawl Stone Soup version 0.20.1-1-g8b1a95d (webtiles) character file.

65 Saithnar the Sneak (level 3, -2/18 HPs)
             Began as a Spriggan Assassin on Aug 18, 2017.
             Slain by Grinder (7 damage)
             ... on level 3 of the Dungeon.
             The game lasted 00:08:38 (2389 turns).

Saithnar the Sneak (Spriggan Assassin)              Turns: 2389, Time: 00:08:39

Health: -2/18      AC:  3    Str:  7    XL:     3   Next: 92%
Magic:  4/4        EV: 17    Int: 12    God:
Gold:   69         SH:  0    Dex: 18    Spells: 2/2 levels left

rFire    . . .     SeeInvis +   a - +2 dagger
rCold    + . .     Gourm    .   (shield restricted)
rNeg     . . .     Faith    .   c - +0 robe
rPois    .         Spirit   .   (helmet restricted)
rElec    .         Reflect  .   d - +0 cloak
rCorr    .         Harm     .   (gloves unavailable)
MR       .....                  (boots unavailable)
Stlth    ++++......             (no amulet)
Regen    0.1/turn               h - ring of protection from cold
MPRegen  0.1/turn               (no ring)

@: very slightly contaminated, invisible (expiring), very quick
A: unfitting armour, see invisible, herbivore 3, speed 3, slow metabolism 2
a: no special abilities


You were on level 3 of the Dungeon.
You were not hungry.

You visited 1 branch of the dungeon, and saw 3 of its levels.

You collected 69 gold pieces.

Inventory:

Hand Weapons
 a - a +2 dagger (weapon)
 b - a +0 blowgun
 j - a +0 dagger
 m - a +0 dagger
 o - a +0 dagger
 r - a +0 dagger
 s - a +0 dagger
Missiles
 e - 8 poisoned needles
 f - 2 curare-tipped needles
Armour
 c - a +0 robe (worn)
 d - a +0 cloak (worn)
Jewellery
 h - a ring of protection from cold (left hand)
Scrolls
 i - 3 scrolls of teleportation
 p - a scroll of noise
Comestibles
 g - 4 bread rations


   Skills:
 + Level 1.7 Fighting
 + Level 2.6 Short Blades
 + Level 2.1 Throwing
 + Level 2.0 Dodging
 + Level 7.6 Stealth


You had 2 spell levels left.
You didn't know any spells.

Dungeon Overview and Level Annotations

Branches:
Dungeon (3/15)

Altars:
Fedhas

Annotations:
D:3 Grinder


Innate Abilities, Weirdness & Mutations

You are very small and have problems with some larger weapons.
You are too small for most types of armour.
You have supernaturally acute eyesight. (SInv)
You are a herbivore.
You cover ground extremely quickly.
You need consume almost no food.


Message History

Grinder gestures at you. Pain shoots through your body!
Grinder gestures at you.
You shrug off the repeated paralysis!
Grinder gestures at you.
You struggle to resist.
You can move again.
You hit Grinder.
Grinder is lightly wounded.
You hit Grinder but do no damage.
Grinder is lightly wounded.
Grinder hits you!
Ouch! That really hurt!
You writhe in agony.
* * * LOW HITPOINT WARNING * * *
You closely miss Grinder.
Grinder is lightly wounded.
You flicker for a moment.
Grinder hits you!
You die...

,,,+,,,,,,.....,#.#..# #.#
****,,,,,,......#<...# #.#
*,,,,,,......#.##.###.#
*****,,......#......#.#
***,,,#.......#.#.#
**********,*,#..#....#.#.#
,,,,,,,,,,>,,#...(.#.#.#.#
*,,,,,,,**,,,##.5....#.#.#
*,,,,,,,**,,,,+.@.?....#.#
,,,,,<,,****,*#..........#
,,,,,,,,,,,*,*##......####
,,,,,,,,,,,,,,*#......#
,***,****,**,,*#......#
,***,* *,**,,*#......#
,,,,,* *,**,,*#......#
*,,,*****+**,,,#......#
*,,,* *,,,,*,*,########


You could see Grinder.

Vanquished Creatures
  An adder (D:2)
  A ball python (D:1)
  3 giant cockroaches
  8 goblins
  7 hobgoblins
  4 jackals (D:2)
  6 kobolds
  2 quokkas (D:2)
  9 bats
  3 frilled lizards
  6 rats
50 creatures vanquished.

Notes
Turn   | Place    | Note
-------+----------+-------------------------------------------
     0 | D:1      | Saithnar the Spriggan Assassin began the quest for the Orb.
     0 | D:1      | Reached XP level 1. HP: 10/10 MP: 2/2
    41 | D:1      | Reached skill level 6 in Stealth
   376 | D:1      | Reached XP level 2. HP: 8/14 MP: 3/3
  1225 | D:2      | Found a blossoming altar of Fedhas.
  1532 | D:2      | Reached skill level 7 in Stealth
  1579 | D:2      | Reached XP level 3. HP: 14/18 MP: 4/4
  2310 | D:3      | Noticed Grinder
  2332 | D:3      | Paralysed by Grinder for 2 turns
  2378 | D:3      | Paralysed by Grinder for 7 turns
  2389 | D:3      | Slain by Grinder

Skill      XL: |  1  2  3 |
---------------+----------+-----
Stealth        | 6 7 |  7.6
Dodging        | 2 |  2.0
Fighting       | |  1.7
Short Blades   | |  2.6
Throwing       | |  2.1

Action                   || total
-------------------------++-------
Melee: Dagger            ||   136
  Use: Scroll            ||     5
       Potion            ||     2
 Stab: Sleeping          ||    15
       Distracted        ||     2
Armor: Robe              ||    14
Dodge: Dodged            ||    90
